Map: Catalyst LE

Players

NORTHAMERICA - Winner!

  • Race: Protoss Protoss
  • League: Grandmaster
  • Spawn Location: 11:00

글로벌스탠다드

  • Race: Terran Terran
  • League: Grandmaster
  • Spawn Location: 5:00

VOD

Have the link to the VOD?

Description

Time

  • Played on: June 24, 2018, 2:29 a.m.
  • Length: 9:06
Show
View Real Time Build Order
Export as new Build Order

NORTHAMERICA Protoss - Winner!

Build Orders: 1 Gate Expand, Blink Stalkers 

Get SALT Encoding   

  12  0:01  Probe  
  13  0:13  Probe  
  14  0:19  Pylon  
  14  0:25  Probe  
  15  0:34  Probe  
  15  0:39  Gateway  
  15  0:42  Probe  
  16  0:48  Assimilator  
  17  0:51  Probe  
  18  1:03  Probe  
  19  1:16  Probe  
  20  1:25  Nexus  
  20  1:38  Cybernetics Core, Probe  
  21  1:45  Assimilator  
  21  1:50  Probe  
  22  1:56  Pylon  
  22  2:02  Probe  
  22  2:04  Stalker  
  23  2:14  Probe  
  26  2:15  Warp Gate  
  26  2:26  Probe  
  27  2:35  Probe  
  27  2:36  Probe  
  27  2:37  Twilight Council  
  27  2:44  Probe x2  
  29  2:45  Blink  
  29  2:49  Stalker  
  33  2:53  Probe x2  
  35  3:06  Probe  
  35  3:07  Probe  
  37  3:18  Probe  
  38  3:21  Robotics Facility  
  38  3:23  Probe  
  38  3:25  Shield Battery  
  39  3:31  Probe  
  39  3:33  Gateway  
  40  3:39  Gateway  
  40  3:42  Probe  
  40  3:47  Probe  
  42  3:50  Pylon  
  42  3:53  Stalker  
  42  3:54  Probe  
  45  3:59  Probe  
  45  4:01  Assimilator  
  46  4:06  Pylon  
  46  4:08  Probe  
  46  4:09  Observer  
  48  4:11  Probe  
  48  4:14  Pylon  
  49  4:20  Probe  
  50  4:27  Probe  
  52  4:31  Observer  
  52  4:34  Pylon, Stalker x3  
  52  4:36  Probe  
  59  4:55  Nexus, Probe, Robotics Bay  
  59  4:56  Pylon  
  59  4:57  Probe  
  61  5:02  Assimilator  
  61  5:06  Immortal  
  61  5:11  Gateway x2  
  61  5:18  Probe  
  66  5:28  Pylon  
  66  5:30  Probe  
  66  5:33  Probe  
  66  5:34  Sentry  
  70  5:39  Pylon  
  70  5:41  Stalker x2  
  74  5:43  Probe  
  74  5:45  Probe  
  76  5:55  Probe  
  77  6:02  Stalker  
  77  6:03  Cybernetics Core  
  79  6:06  Stalker x2  
  79  6:07  Disruptor  
  86  6:14  Probe  
  86  6:15  Probe  
  86  6:16  Probe  
  86  6:17  Stalker x2  
  93  6:27  Probe x2  
  93  6:28  Probe  
  93  6:32  Stalker x2  
  99  6:37  Disruptor, Shield Battery  
  99  6:39  Probe  
  100  6:45  Adept x2  
  97  6:57  Probe  
  97  6:58  Probe  
  97  6:59  Assimilator, Stalker  
  101  7:02  Probe  
  101  7:05  Assimilator  
  101  7:08  Disruptor  
  102  7:09  Probe  
  102  7:10  Adept x3  
  102  7:11  Adept  
  108  7:23  Probe  
  108  7:28  Stalker  
  111  7:37  Forge  
  111  7:40  Gateway  
  111  7:41  Forge  
  111  7:43  Stalker  
  111  7:44  Pylon, Stalker x2  
  117  7:49  Pylon  
  117  7:52  Disruptor  
  117  8:02  Probe  
  117  8:03  Pylon  
  121  8:05  Dark Shrine  
  121  8:06  Adept x2  
  125  8:17  Photon Cannon  
  125  8:18  Photon Cannon  
  125  8:21  Disruptor  
  125  8:22  Shield Battery, Stalker x3  
  127  8:28  Pylon  
  127  8:34  Stalker x2  
  127  9:01  Stalker x4  
  127  9:02  Stalker  
Show
View Real Time Build Order
Export as new Build Order

글로벌스탠다드 Terran 

Build Orders: Reaper Expand, MMM Bio 

Get SALT Encoding   

  12  0:00  SCV  
  13  0:13  SCV  
  14  0:17  Supply Depot  
  14  0:25  SCV  
  15  0:38  SCV  
  15  0:41  Barracks  
  16  0:44  Refinery  
  16  0:50  SCV  
  17  1:03  SCV  
  18  1:15  SCV  
  19  1:28  Orbital Command, Reaper  
  20  1:41  Command Center  
  20  1:54  SCV  
  21  1:56  Supply Depot  
  21  2:00  Marine  
  22  2:06  SCV  
  23  2:11  Barracks  
  23  2:18  Barracks Reactor, SCV  
  24  2:24  Refinery  
  24  2:30  SCV  
  24  2:36  Factory  
  25  2:42  SCV  
  26  2:55  Orbital Command, Marine x2  
  26  2:58  Barracks Tech Lab  
  28  2:59  SCV  
  29  3:11  SCV  
  30  3:12  Marine  
  30  3:13  Marine  
  30  3:18  Marine  
  33  3:20  Stimpack, SCV  
  33  3:23  SCV  
  33  3:24  Widow Mine  
  37  3:30  Marine x2  
  37  3:31  Supply Depot  
  39  3:36  SCV x2  
  41  3:41  Marine  
  41  3:46  Starport  
  41  3:48  Marine x2  
  42  3:50  SCV  
  42  3:51  Factory Reactor  
  42  3:55  SCV  
  46  4:01  Marine  
  46  4:02  SCV  
  48  4:06  Marine x2  
  51  4:10  SCV  
  51  4:12  Supply Depot, Engineering Bay  
  51  4:15  SCV  
  52  4:20  Refinery  
  52  4:22  SCV  
  52  4:23  Supply Depot  
  53  4:25  Marine  
  54  4:33  Marine x2, SCV  
  54  4:34  SCV  
  54  4:35  Medivac x2  
  62  4:39  Supply Depot  
  62  4:41  Terran Infantry Weapons Level 1  
  62  4:46  Marine  
  62  4:51  Marine, SCV x2  
  65  4:54  Factory Reactor  
  65  5:02  Barracks  
  65  5:05  Marauder, Marine  
  68  5:08  Medivac x2, Marine  
  73  5:14  Supply Depot, SCV  
  73  5:16  Supply Depot, SCV  
  75  5:26  Marine  
  75  5:27  Marauder, Combat Shields  
  78  5:29  Marine  
  78  5:36  SCV x2  
  78  5:39  Supply Depot  
  78  5:42  Medivac  
  82  5:47  Medivac  
  84  5:52  Barracks Tech Lab  
  84  5:58  Marauder, Marine x2  
  84  6:01  Command Center  
  84  6:03  SCV x2  
  84  6:04  Refinery  
  82  6:15  Marauder  
  82  6:17  Widow Mine x2  
  82  6:18  SCV  
  87  6:20  Marauder, Marine x2  
  91  6:35  Terran Infantry Armor Level 1  
  91  6:36  Marauder  
  91  6:38  Marine x2  
  95  6:40  Concussive Shells  
  95  6:41  Marauder  
  95  6:43  Barracks x2  
  81  6:54  SCV  
  81  6:55  SCV  
  81  6:56  Marine x2  
  81  6:58  Marauder  
  81  6:59  Engineering Bay  
  81  7:00  Armory  
  87  7:02  Marauder  
  88  7:17  Marine x2  
  88  7:19  Marauder  
  88  7:20  SCV x2  
  90  7:23  Orbital Command  
  90  7:24  Marauder  
  90  7:27  Fusion Core, Liberator  
  90  7:28  Starport  
  92  7:35  Barracks Tech Lab, Marine x2  
  92  7:36  Barracks Reactor  
  94  7:37  SCV x2  
  94  7:41  Marauder  
  98  7:45  Marauder  
  98  7:46  Liberator  
  98  7:50  Refinery  
  103  7:53  SCV x2  
  103  7:54  SCV  
  103  7:56  Refinery  
  104  8:04  Supply Depot  
  104  8:05  Supply Depot  
  107  8:07  Marine x2  
  107  8:09  Marauder x2  
  116  8:15  SCV  
  117  8:20  Supply Depot x2  
  117  8:25  SCV  
  97  8:34  Marauder, Marine x3  
  97  8:35  Marauder x2, Marine  
  97  8:36  SCV  
  97  8:37  SCV  
  97  8:38  Starport Tech Lab  
Tags
 
Add a new tag
Caveats
  • Supply blocks, unpowered buildings, or Contaminate may cause inaccurate times.
  • Supply counts are checked every 10 seconds.